 Dungeon Crawl Stone Soup version 0.14.0-20-g75a2fc2 (webtiles) character file.

1063679 MDvedh the Bringer of Light (level 27, -2/139 HPs)
             Began as a Gargoyle Fighter on Apr 20, 2014.
             Was the Champion of the Shining One.
             Killed from afar by a Brimstone Fiend (22 damage)
             ... with a blast of hellfire
             ... created by the effects of Hell
             ... on Level 7 of Gehenna.
             The game lasted 04:55:42 (102412 turns).

MDvedh the Bringer of Light (Gargoyle Fighter)    Turns: 102412, Time: 04:55:42

HP  -2/139       AC 63     Str 29 (32) XL: 27
MP  26/31        EV  7     Int -2 (8)  God: the Shining One [******]
Gold 7884        SH 56     Dex  9 (11) Spells:  0 memorised, 26 levels left

rFire  + + .     SeeInvis .     a - +7 Blessed Scourge
rCold  + + +     Rnd*Rage +     T - +6 gold dragon armour
rNeg   + + +     Conserve +     L - +1 large shield of Repulsion {rC+ Int+2 Acc+3}
rPois  +         rCorr    +     I - +2 hat of the Alchemist {rElec rF+ rC+ MR+}
rElec  +         rRot     +     O - +2 cloak {rCorr, Cons}
SustAb . .       Spirit   .     i - +2 pair of gloves "Vaxkotso" {+Inv rC++ MR++}
rMut   +         Warding  .     v - +3 pair of boots of the spider {+Jump, Stlth+}
Saprov . . .     Rnd*Tele +     B - amulet of resist mutation
MR     +++++                    Q - ring "Jeluciph" {rN+ Dex+2 Acc+3}
                                U - ring of the Swan {rElec rN+ Dam+4}

@: lost intelligence, exhausted, slowed, glowing, very slow, almost entirely
resistant to hostile enchantments, extremely unstealthy
A: able to fly continuously, large and strong wings, claws 1, berserk 2, blurry
vision 1, deformed body, deterioration 2, dopey 2, herbivore 3, fast metabolism
2, frail 3, low mp 3, life protection 1, screaming 3, electricity resistance,
teleportitis 1, unbreathing, petrification resistance, AC +20
a: Fly, Divine Shield, Cleansing Flame, Summon Divine Warrior, Renounce
Religion, Evoke Jump Attack
}: 11/15 runes: serpentine, barnacled, slimy, silver, iron, bone, demonic,
glowing, magical, fiery, dark


You were on level 7 of Gehenna.
You worshipped the Shining One.
The Shining One was exalted by your worship.
You were very hungry.

You visited 16 branches of the dungeon, and saw 85 of its levels.
You visited Pandemonium 1 time, and saw 24 of its levels.
You visited the Abyss 1 time.
You visited 1 bazaar.
You visited 1 Ziggurat, and saw 3 of its levels.
You also visited: Sewer and Wizlab.

You collected 10627 gold pieces.
You spent 2743 gold pieces at shops.

Inventory:

Hand weapons
 a - a +7,+7 Blessed Scourge (weapon)
Armour
 i - the +2 pair of gloves "Vaxkotso" (worn) {+Inv rC++ MR++}
   (You found it on level 6 of the Pits of Slime)

   It greatly protects you from cold.
   It affects your resistance to hostile enchantments.
   It lets you turn invisible.
 v - the +3 pair of boots of the spider (worn) {+Jump, Stlth+}
   (You bought it in a shop on level 8 of the Dungeon)

   It makes you much more stealthy.
 I - the +2 hat of the Alchemist (worn) {rElec rF+ rC+ MR+}
   (You found it on level 3 of the Vaults)

   It protects you from fire.
   It protects you from cold.
   It insulates you from electricity.
   It affects your resistance to hostile enchantments.
 L - the +1 large shield of Repulsion (worn) {rC+ Int+2 Acc+3}
   (You acquired it on level 1 of the Shoals)

   It affects your intelligence (+2).
   It affects your accuracy with ranged weapons and melee attacks (+3).
   It protects you from cold.
 O - a +2 cloak of preservation (worn)
 T - a +6 gold dragon armour (worn)
Magical devices
 b - a wand of disintegration (10)
 r - a wand of hasting (4)
 u - a wand of digging (2)
 K - a wand of disintegration (8)
Comestibles
 d - 2 bread rations
 N - an apple
 P - 10 cheeses
 R - 10 oranges
 S - 4 pears
 W - a royal jelly
Scrolls
 c - a scroll of blinking
 e - a scroll of immolation
 g - a scroll of holy word
 k - 10 scrolls of remove curse
 m - 5 scrolls of fear
 p - 2 scrolls of recharging
 s - 3 scrolls of teleportation
 C - 6 scrolls of identify
 F - 5 scrolls of fog
 M - a scroll of vulnerability
 X - a scroll of silence
Jewellery
 f - an uncursed amulet of warding
 j - a cursed amulet of guardian spirit
 y - the amulet "Myptec" {Spirit rF+ Dam+4}
   (You found it on level 6 of the Pits of Slime)

   [amulet of guardian spirit]

   It affects your damage with ranged weapons and melee attacks (+4).
   It protects you from fire.
 A - an uncursed ring of ice
 B - an amulet of resist mutation (around neck)
 D - a cursed ring of sustenance
 H - a cursed amulet of stasis
 Q - the ring "Jeluciph" (right hand) {rN+ Dex+2 Acc+3}
   (You found it on level 5 of the Crypt)

   [ring of positive energy]

   It affects your dexterity (+2).
   It affects your accuracy with ranged weapons and melee attacks (+3).
 U - the ring of the Swan (left hand) {rElec rN+ Dam+4}
   (You found it on level 5 of the Crypt)

   [ring of positive energy]

   It affects your damage with ranged weapons and melee attacks (+4).
   It insulates you from electricity.
Potions
 h - a potion of porridge
 n - a potion of heal wounds
 o - 15 potions of curing
 q - 2 potions of might
 t - 3 potions of resistance
 x - 2 potions of brilliance
 J - 2 potions of berserk rage
 Z - 6 potions of agility
Books
 l - a manual of Fighting


   Skills:
 O Level 27 Fighting
 O Level 27 Maces & Flails
 O Level 27 Armour
 + Level 7.6 Dodging
 O Level 27 Shields
 O Level 27 Invocations


You had 26 spell levels left.
You didn't know any spells.

Dungeon Overview and Level Annotations

Branches:
Dungeon (15/15)            Temple (1/1) D:4             Orc (4/4) D:11
    Elf (3/3) Orc:3          Lair (8/8) D:10         Shoals (5/5) Lair:4
  Snake (5/5) Lair:5        Slime (6/6) Lair:7       Vaults (5/5) D:13
  Blade (0/1) Vaults:4      Crypt (5/5) Vaults:3       Tomb (0/3) Crypt:2
   Hell (1/1)                 Dis (7/7) Hell            Geh (7/7) Hell
    Coc (0/7) Hell            Tar (7/7) Hell            Zot (1/5) Depths:5
 Depths (5/5) D:15

Altars:
Ashenzari
Cheibriados
Dithmenos
Elyvilon
Fedhas
Kikubaaqudgha
Makhleb
Nemelex Xobeh
Okawaru
Sif Muna
Trog
Vehumet
Xom
Yredelemnul
Zin
The Shining One
Beogh
Jiyva

Shops:
D:5 *   D:8 [   Orc:4 ?%}:   Shoals:5 }*=}[   Vaults:2 (   Vaults:3 =
Depths:2 [

Portals:
Hell: Depths:1 Depths:2 Depths:3 Depths:4 Depths:5
Abyss: Depths:1 Depths:4 Depths:5
Pandemonium: Depths:3

Annotations:
D:13 exclusion: orange crystal statue
Lair:5 exclusion: oklob plant
Crypt:4 Khufu


Innate Abilities, Weirdness & Mutations

You are resistant to torment.
You are immune to poison.
You are immune to rotting.
You can fly continuously.
Your stone body is very resilient (AC +20).
Your wings are large and strong.
You resist negative energy.
You are resistant to electric shocks.
You can survive without breathing.
You are immune to petrification.
You have sharp fingernails.
You often lose your temper in combat.
Your vision is a little blurry.
Armour fits poorly on your strangely shaped body.
Your body is deteriorating.
You are very dopey. (Int -4)
You are a herbivore.
You have a very fast metabolism.
You are extremely frail (-30% HP).
Your magical capacity is extremely low (-30% MP).
You frequently scream uncontrollably.
Space occasionally distorts in your vicinity.


Message History

The Brimstone Fiend is severely wounded.
The golden flame engulfs the hell hound.
The hell hound writhes in agony!
You kill the hell hound!
The Shining One accepts your kill.
The golden flame engulfs the spiny frog skeleton.
The spiny frog skeleton writhes in agony!
You feel somewhat more hungry. The Brimstone Fiend gestures at you.
The hellfire explodes!
The blast of hellfire engulfs you!
One of your 11 scrolls of remove curse catches fire!
* * * LOW HITPOINT WARNING * * *
The blast of hellfire engulfs the Brimstone Fiend.
The Brimstone Fiend completely resists.
The Brimstone Fiend hits you but does no damage.
You block the Brimstone Fiend's attack.
The Brimstone Fiend hits you but does no damage.
The Brimstone Fiend gestures at you.
The hellfire explodes!
The blast of hellfire engulfs you!
You die...

....≈≈§§§≈≈§≈≈≈≈
....≈≈≈≈≈§≈≈≈§≈§≈≈ ≈≈
......≈.≈≈≈§§≈≈≈≈≈≈≈≈≈
............≈≈≈≈≈≈≈§≈≈≈
...≈.....)%§§.≈≈§≈≈≈≈≈≈§
≈..≈......)))..≈≈.§≈≈≈≈≈
≈≈≈≈≈≈....).)...≈≈§≈≈.≈≈
≈§≈§≈§≈≈(.)........≈...≈≈
≈§≈≈≈≈≈§@1.............NN
≈≈§≈≈≈§≈§..............)(
≈≈.≈≈.z§................
.§.≈....................
§..≈....................
§≈.....................
§§≈..≈§..≈. §§.......
≈≈.≈≈≈.≈. §..≈.≈.≈. ≈≈≈
§§≈≈..≈≈.


You could see a Brimstone Fiend and a spiny frog skeleton.

Vanquished Creatures
  Cerebov (Pan)
  the royal jelly (Slime:6)
  Mnoleg (Pan)
  Lom Lobon (Pan)
  Mara (thrice) (Vaults:4)
  4 ancient liches
  2 greater mummies (Crypt:4)
  Saint Roka (Crypt:3)
  Sojobo (Depths:1)
  8 pandemonium lords (Pan)
  Mennas (Depths:5)
  Geryon (Hell)
  3 golden dragons
  A profane servitor (Abyss:2)
  11 bone dragons
  4 Brimstone Fiends
  Nikola (Vaults:2)
  18 Hell Sentinels
  A hellephant (Zig:1)
  Asterion (Snake:2)
  6 Ice Fiends
  8 tentacled monstrosities
  15 acid blobs
  3 deep elf blademasters
  17 liches
  5 deep elf master archers
  14 titans
  17 Executioners
  5 sphinxes
  The ghost of Maka the Tortoise, a mighty DDFi of Makhleb (Snake:5)
  28 Shadow Fiends
  A quicksilver dragon (Vaults:5)
  9 tengu reavers
  Polyphemus (Shoals:3)
  6 storm dragons
  12 tentacled starspawn
  3 shadow dragons
  A kraken (Shoals:2)
  Agnes (Crypt:2)
  3 eldritch tentacles
  6 ancient champions
  2 draconian monks
  3 revenants
  17 fire giants
  6 corrupters (Pan)
  9 azure jellies
  11 greater nagas
  Wiglaf (Crypt:2)
  17 frost giants
  11 ghouls
  A draconian scorcher (Zot:1)
  21 balrugs
  13 vault wardens
  13 iron dragons
  A draconian knight (Zot:1)
  Aizul (Shoals:2)
  A fire giant (shapeshifter) (Zig:2)
  8 deep elf sorcerers
  17 cacodemons
  2 ghost moths
  The ghost of zkyp the Tengu Blade, a mighty TeWn of Okawaru (Shoals:2)
  2 draconian zealots (Zot:1)
  A draconian annihilator (Pan)
  2 emperor scorpions
  Jorgrun (Depths:4)
  A draconian shifter (Depths:5)
  A spriggan defender (Depths:4)
  6 warmongers (Pan)
  19 war gargoyles
  56 reapers
  12 salamander firebrands
  3 blood saints (Pan)
  30 stone giants
  5 deep elf demonologists
  A green draconian (Crypt:2)
  6 chaos champions (Pan)
  A grey draconian (Zot:1)
  24 rakshasas
  The ghost of mk83 the Eclecticist, a powerful SpCj of Vehumet (Lair:7)
  7 vampire knights
  3 curse skulls
  10 deep elf annihilators
  5 lorocyprocas
  11 purple draconians
  A pale draconian (Depths:5)
  2 white draconians
  A yellow draconian (Zot:1)
  3 red draconians
  A mottled draconian (Depths:5)
  3 dire elephants
  5 eidola
  3 black suns (Pan)
  11 deep elf death magi
  11 blizzard demons
  4 crystal guardians
  34 vault guards
  7 merfolk javelineers (Shoals:5)
  A mummy priest (Crypt:2)
  4 merfolk impalers (Shoals:5)
  A minotaur (Depths:3)
  10 jiangshi
  16 ettins
  7 death oozes
  4 deep elf high priests
  15 green deaths
  A quicksilver dragon zombie (Crypt:1)
  17 fire dragons
  6 great orbs of eyes
  11 yaktaur captains
  Josephine (Shoals:1)
  4 sirens
  14 ironheart preservers
  Fannar (Lair:5)
  11 ice dragons
  2 quicksilver dragon skeletons
  23 anacondas
  4 hydras
  A spriggan air mage (Depths:5)
  A ravenous feature mimic (Crypt:2)
  19 monstrous demonspawn (Pan)
  7 dancing weapons
  18 naga warriors
  5 statues (WizLab)
  An alligator snapping turtle (Shoals:5)
  9 deep troll earth magi
  Erica (D:11)
  2 ravenous item mimics (Vaults:5)
  A satyr (Shoals:5)
  20 death yaks
  70 large abominations
  2 deep dwarf death knights
  17 ogre magi
  4 plague shamblers
  9 deep troll shamans
  3 merfolk aquamancers
  7 vampire magi
  15 naga sharpshooters
  3 tengu warriors
  A shock serpent (shapeshifter) (Depths:2)
  8 spriggan berserkers
  23 thrashing horrors
  13 shock serpents
  5 titan zombies
  6 hell hogs
  54 sun demons
  3 orc high priests (Orc:4)
  14 centaur warriors
  23 soul eaters
  7 iron golems
  3 storm dragon zombies
  13 very ugly things
  5 titan skeletons
  13 ice devils
  2 fire crabs (Shoals:1)
  10 shadow wraiths
  10 wretched stars
  24 deep elf knights
  12 iron trolls
  2 catoblepae
  21 small abominations
  3 golden dragon zombies
  9 salamander mystics
  3 spectral elves
  101 skeletal warriors
  10 sea snakes
  16 flayed ghosts
  6 giant orange brains
  4 spatial maelstroms (Abyss:5)
  15 putrid demonspawn (Pan)
  2 storm dragon skeletons
  2 death drakes
  9 unseen horrors
  4 anaconda zombies
  38 hell knights
  22 deep trolls
  14 torturous demonspawn (Pan)
  8 naga ritualists
  13 deep elf summoners
  2 shadow dragon zombies
  3 ice statues
  14 gelid demonspawn (Pan)
  20 hellions
  20 ironbrand convokers
  4 anaconda skeletons
  27 infernal demonspawn (Pan)
  20 shadow demons
  5 water nymphs
  The ghost of Malog the Geomancer, an experienced DrEE of Vehumet (D:10)
  16 necromancers
  Nergalle (D:14)
  27 deep elf conjurers
  6 hill giants
  3 wolf spider zombies
  3 flaming corpses
  5 lindwurms
  71 starcursed masses
  15 mana vipers
  Joseph (D:9)
  A water nymph (shapeshifter) (Depths:3)
  A moth of wrath (shapeshifter) (Abyss:5)
  13 orc knights
  A sphinx zombie (Vaults:2)
  4 shining eyes
  2 oklob plants (Lair:7)
  6 fauns
  33 salamanders
  9 harpies
  12 griffons
  9 cyclopes
  4 iron dragon zombies
  4 shadow dragon skeletons
  A sphinx skeleton (Vaults:2)
  A spectral shock serpent (Hell)
  3 stone giant zombies
  4 frost giant zombies
  6 orc sorcerers
  12 hell beasts
  20 phantasmal warriors
  12 wizards
  48 sixfirhies
  4 fire giant zombies
  A draconian (shapeshifter) (Depths:5)
  15 elephants
  5 wolf spiders
  2 drowned souls
  4 demonspawn zombies (Pan)
  6 moths of wrath (Zot:1)
  8 manticores
  2 iron dragon skeletons
  51 smoke demons
  A mermaid (shapeshifter) (Abyss:1)
  3 frost giant skeletons
  51 black mambas
  2 red wasps
  5 stone giant skeletons
  8 mermaids
  A titan simulacrum (Tar:2)
  A gargoyle (D:12)
  13 vault sentinels
  5 worldbinders
  5 dire elephant zombies
  5 molten gargoyles (Geh:7)
  An alligator snapping turtle zombie (Shoals:1)
  22 naga magi
  A queen ant (Lair:1)
  41 orange demons
  11 spiny frogs
  2 apocalypse crabs
  A feature mimic (Snake:2)
  A guardian serpent (shapeshifter) (Depths:5)
  9 guardian serpents
  A shock serpent skeleton (Pan)
  2 kobold demonologists (Abyss:5)
  3 spectral humans (Crypt:5)
  An eye of devastation (Pan)
  50 yaktaurs
  A sea snake zombie (Shoals:1)
  13 ancient zymes
  3 dire elephant skeletons
  A tengu conjurer (Depths:1)
  11 tormentors
  A yaktaur zombie (Vaults:2)
  7 efreet
  An iron troll zombie (Crypt:4)
  19 blue devils
  2 anaconda simulacra
  A purple draconian zombie (Crypt:2)
  48 hellwings
  11 deep elf priests
  7 guardian mummies
  A troll (shapeshifter) (Vaults:3)
  3 fire drakes
  23 iron devils
  25 freezing wraiths
  7 komodo dragons
  A polar bear (shapeshifter) (Vaults:1)
  A demonic crawler zombie (Pan)
  A komodo dragon (shapeshifter) (Abyss:1)
  A ghoul skeleton (Crypt:5)
  2 harpy zombies
  12 demonic crawlers
  A catoblepas zombie (Dis:7)
  30 red devils
  4 silent spectres
  4 hydra zombies
  15 merfolk
  26 two-headed ogres
  A fire vortex (Pan)
  4 giant fireflies
  A tengu simulacrum (Vaults:3)
  A harpy skeleton (Crypt:2)
  34 raiju
  4 boulder beetles
  7 trolls
  Prince Ribbit (D:9)
  A slime creature (shapeshifter) (Vaults:5)
  3 wind drakes (Shoals:5)
  2 giant leeches (Lair:8)
  2 alligator zombies
  4 ravens
  19 blink frogs
  3 ice dragon zombies
  3 black mamba zombies
  5 fire dragon zombies
  11 boggarts
  A grizzly bear (shapeshifter) (Depths:4)
  A stone giant simulacrum (Vaults:2)
  A griffon zombie (D:15)
  8 snapping turtles
  32 shadows
  2 spriggans (shapeshifter)
  6 ettin zombies
  A human simulacrum (Vaults:2)
  A yak (shapeshifter) (Depths:2)
  19 brown oozes
  A spriggan (Depths:4)
  3 air elementals
  3 basilisks
  7 ettin skeletons
  80 flying skulls
  39 slime creatures
  2 satyr skeletons
  A spectral black mamba (Hell)
  3 wyverns
  13 wraiths
  A basilisk (shapeshifter) (Vaults:2)
  A formicid (shapeshifter) (Depths:3)
  3 ice dragon skeletons
  25 ynoxinuls
  4 redbacks
  7 fire elementals
  4 tarantellas
  13 vampires
  4 orc zombies
  A spectral giant leech (Hell)
  6 elephant slugs
  A human (D:8)
  10 hungry ghosts
  23 neqoxecs
  6 water elementals
  2 hogs (D:8)
  7 fire bats
  16 chaos spawn
  16 hippogriffs
  Grum (D:12)
  3 black mamba skeletons
  An emperor scorpion simulacrum (Crypt:4)
  2 golden eyes (shapeshifter)
  62 yaks
  6 human zombies
  3 monstrous demonspawn zombies
  6 wargs
  A steam dragon (D:7)
  42 deep elf magi
  4 infernal demonspawn zombies (Pan)
  60 ugly things
  21 vampire mosquitoes
  27 deep elf fighters
  3 putrid demonspawn zombies
  3 golden eyes
  8 sharks
  Edmund (D:9)
  A naga zombie (Abyss:5)
  3 spatial vortices (Abyss:5)
  2 gelid demonspawn zombies (Pan)
  2 merfolk zombies (Shoals:1)
  20 soldier ants
  30 water moccasins
  2 water nymph zombies (Shoals:1)
  A mottled dragon (Vaults:2)
  23 necrophages
  12 porcupines
  A faun zombie (Crypt:4)
  3 spiny frog zombies
  A faun skeleton (Crypt:2)
  34 orc warriors
  56 nagas
  A black mamba simulacrum (Crypt:2)
  15 ice beasts
  13 wolves
  A baby alligator skeleton (Crypt:2)
  A merfolk skeleton (Tar:7)
  A deep dwarf (shapeshifter) (Vaults:5)
  A black bear (D:12)
  5 sky beasts
  2 swamp dragon zombies
  36 hell hounds
  3 spiny frog skeletons
  4 phantoms
  A manticore zombie (D:15)
  3 snapping turtle zombies
  8 giant goldfish
  A fire dragon simulacrum (Crypt:1)
  4 snapping turtle skeletons
  A swamp dragon skeleton (Tar:7)
  63 ogres
  A yellow wasp (D:9)
  A hog skeleton (Crypt:1)
  11 centaurs
  A lost soul (Crypt:4)
  A boring beetle (Lair:8)
  16 crocodiles
  13 giant slugs
  2 insubstantial wisps (Abyss:5)
  Blork the orc (D:9)
  10 brain worms
  3 big kobolds
  24 giant frogs
  A hell hound zombie (Geh:4)
  2 spiny frog simulacra (Hell)
  2 cyclops skeletons
  5 scorpions
  2 eyes of draining (shapeshifter)
  2 spriggan zombies
  16 killer bees
  A troll zombie (Geh:6)
  10 eyes of draining
  A lava worm (D:14)
  A hippogriff zombie (D:11)
  A manticore simulacrum (Shoals:1)
  A tengu zombie (D:15)
  13 jellies
  A raiju zombie (Abyss:5)
  42 wights
  5 goliath beetles
  2 spriggan skeletons
  2 lava snakes (D:14)
  2 vampire bats (Lair:7)
  11 electric eels
  3 elf zombies
  A centaur zombie (D:15)
  11 crimson imps
  13 hounds
  4 quasits
  2 big fish (Lair:7)
  2 centaur skeletons
  Crazy Yiuf (D:3)
  37 orc priests
  9 iguanas
  4 orange rats
  29 iron imps
  A spectral orc (D:14)
  32 orc wizards
  Natasha (thrice) (D:3)
  3 human skeletons
  17 sheep
  34 worker ants
  A two-headed ogre skeleton (D:8)
  2 ogre zombies
  A mottled dragon skeleton (D:12)
  A mottled dragon zombie (Crypt:2)
  Ijyb (D:6)
  A sky beast zombie (D:11)
  A big kobold zombie (Crypt:4)
  A crocodile skeleton (Crypt:3)
  A dwarf skeleton (Crypt:3)
  A necrophage skeleton (Tar:7)
  An ogre skeleton (D:6)
  A hound zombie (D:8)
  7 mummies
  A worker ant zombie (Crypt:4)
  75 green rats
  A swamp drake zombie (Crypt:3)
  35 adders
  A gnoll (D:8)
  3 white imps
  A worm zombie (Crypt:1)
  5 giant mites
  17 shadow imps
  25 worms
  32 ufetubi
  2 snake skeletons (Crypt:1)
  8 giant eyeballs
  6 giant geckos
  5 oozes
  184 orcs
  25 bats
  2 bat skeletons
  7 giant cockroaches
  16 goblins
  16 hobgoblins
  35 jackals
  26 kobolds
  5 ball pythons
  A giant gecko zombie (Crypt:3)
  2 giant newts
  3 giant spores (D:7)
  2 kobold skeletons
  2 lava orc skeletons
  A lurking horror (Abyss:5)
  16 quokkas
  21 rats
  32 ballistomycetes
  3 crawling corpses (Vaults:5)
  2 grand avatars (Pan)
  4 plants
  8 starspawn tentacles
  4 tentacles
4849 creatures vanquished.

Vanquished Creatures (collateral kills)
  Ereshkigal (Tar:7)
  Gloorx Vloq (Pan)
  Dispater (Dis:7)
  An Executioner (Pan)
  A rakshasa (Pan)
  3 cacodemons (Pan)
  A draconian annihilator (Pan)
  A reaper (Dis:7)
  2 deep elf demonologists (Elf:3)
  A deep elf annihilator (Elf:3)
  A sun demon (Pan)
  A shadow demon (Pan)
  3 large abominations (Pan)
  2 shining eyes (Pan)
  A wizard (Pan)
  An eye of devastation (Pan)
  2 orange demons (Pan)
  A demonic crawler (Pan)
  A fire vortex (Pan)
  A deep elf mage (Elf:3)
  A golden eye (Pan)
  3 neqoxecs (Pan)
  A brain worm (Pan)
  2 eyes of draining (Pan)
34 creatures vanquished.

Vanquished Creatures (others)
  2 eldritch tentacles
  A storm dragon (Zot:1)
  An Executioner (Pan)
  3 daevas
  A frost giant (Crypt:2)
  A deep elf demonologist (Elf:3)
  An angel (Pan)
  An ironheart preserver (Vaults:3)
  An ogre mage (Depths:1)
  A slime creature (Slime:6)
  A plague shambler (Crypt:2)
  3 deep elf knights
  A storm dragon zombie (Zot:1)
  A skeletal warrior (Crypt:5)
  5 ball lightnings
  2 large abominations (Abyss:5)
  A draconian zombie (Pan)
  A draconian skeleton (Zot:1)
  5 drowned souls
  3 boggarts (Depths:4)
  A brown ooze (Slime:6)
  A raiju (Abyss:5)
  2 fire vortices (Pan)
  A wraith (Geh:4)
  An air elemental (Depths:1)
  A water elemental (Hell)
  2 small abominations (Abyss:5)
  A centaur (D:15)
  7 lost souls
  3 ogres
  A blink frog skeleton (Crypt:2)
  A raiju zombie (Abyss:5)
  A spriggan zombie (Geh:4)
  A wight (Geh:1)
  An electric eel (D:10)
  A crimson imp (Abyss:5)
  An iron imp (Dis:7)
  A jelly (Slime:6)
  2 ufetubi
  A giant eyeball (Pan)
  A bat (Lair:6)
  5 giant spores
  A lurking horror (Abyss:5)
  193 eldritch tentacle segments
  11 fungi
  7 plants
  35 starspawn tentacles
  132 starspawn tentacle segments
  18 tentacles
  208 tentacle segments
678 creatures vanquished.

Grand Total: 5561 creatures vanquished

Notes
Turn   | Place    | Note
--------------------------------------------------------------
     0 | D:1      | MDvedh, the Gargoyle Fighter, began the quest for the Orb.
     0 | D:1      | Reached XP level 1. HP: 14/14 MP: 1/1
   158 | D:1      | Reached XP level 2. HP: 19/19 MP: 2/2
   423 | D:1      | Found a sparkling altar of Nemelex Xobeh.
   862 | D:2      | Reached XP level 3. HP: 16/23 MP: 3/3
  1075 | D:2      | Reached skill level 4 in Maces & Flails
  1241 | D:2      | Found a sparkling altar of Nemelex Xobeh.
  1660 | D:2      | Reached XP level 4. HP: 28/28 MP: 4/4
  2353 | D:3      | Noticed Natasha
  2358 | D:3      | Killed Natasha
  2358 | D:3      | Reached skill level 5 in Maces & Flails
  2582 | D:3      | Noticed Natasha
  2603 | D:3      | Killed Natasha
  2603 | D:3      | Reached XP level 5. HP: 22/32 MP: 5/5
  2908 | D:3      | Noticed Natasha
  2910 | D:3      | Killed Natasha
  2974 | D:3      | Noticed Crazy Yiuf
  2981 | D:3      | Killed Crazy Yiuf
  3119 | D:4      | Reached skill level 6 in Maces & Flails
  3335 | D:4      | Found an ancient bone altar of Kikubaaqudgha.
  3467 | D:4      | Reached XP level 6. HP: 26/37 MP: 6/6
  3531 | D:4      | Noticed an ogre
  3540 | D:4      | Killed an ogre
  3540 | D:4      | Reached skill level 7 in Maces & Flails
  3674 | D:4      | Found a staircase to the Ecumenical Temple.
  3767 | D:4      | Found a sparkling altar of Nemelex Xobeh.
  3767 | D:4      | Found a shattered altar of Ashenzari.
  3779 | D:4      | Found a shimmering altar of Xom.
  4002 | D:5      | Entered Level 5 of the Dungeon
  4061 | D:5      | Reached skill level 8 in Maces & Flails
  4061 | D:5      | Reached XP level 7. HP: 29/41 MP: 7/7
  4283 | D:5      | Reached skill level 9 in Maces & Flails
  4494 | D:5      | Found Bles Onahae's Assorted Antiques.
  4508 | D:5      | Reached XP level 8. HP: 46/46 MP: 8/8
  4707 | D:5      | Reached skill level 10 in Maces & Flails
  4770 | D:5      | Found a glowing drain.
  4795 | Sewer    | Entered a sewer
  5341 | D:6      | Noticed Ijyb
  5351 | D:6      | Killed Ijyb
  5758 | D:6      | Reached skill level 11 in Maces & Flails
  5761 | D:6      | HP: 2/46 [orc priest/hand axe (5)]
  6540 | D:6      | Paralysed by a giant eyeball for 2 turns
  6918 | D:5      | Bought a glowing dire flail for 104 gold pieces
  6918 | D:5      | Bought a scroll labeled HUH POGOZ MAU for 26 gold pieces
  7383 | D:7      | Reached skill level 12 in Maces & Flails
  7383 | D:7      | Reached XP level 9. HP: 49/51 MP: 9/9
  7594 | Temple   | Entered the Ecumenical Temple
  7911 | D:7      | Found a deep blue altar of Sif Muna.
  8267 | D:8      | Reached skill level 13 in Maces & Flails
  8668 | D:8      | Noticed a hill giant
  8669 | D:8      | Found Fra Tistrott's Armour Emporium.
  8677 | D:8      | Killed a hill giant
  8677 | D:8      | Reached skill level 14 in Maces & Flails
  8820 | D:8      | Found a radiant altar of Vehumet.
  8841 | D:8      | Reached XP level 10. HP: 21/56 MP: 10/10
  9607 | D:8      | Found an iron altar of Okawaru.
  9607 | D:8      | Found a burning altar of Makhleb.
  9697 | D:8      | Became a worshipper of Warmaster Okawaru
  9702 | D:8      | Reached skill level 15 in Maces & Flails
  9855 | D:8      | Acquired Okawaru's first power
 10039 | D:9      | Noticed Joseph
 10059 | D:9      | Killed Joseph
 10158 | D:9      | Noticed Blork the orc
 10160 | D:9      | Noticed Prince Ribbit
 10162 | D:9      | Killed Blork the orc
 10162 | D:9      | Reached skill level 16 in Maces & Flails
 10178 | D:9      | Killed Prince Ribbit
 10406 | D:9      | Noticed Edmund
 10413 | D:9      | Killed Edmund
 11006 | D:9      | Reached XP level 11. HP: 60/60 MP: 11/11
 11023 | D:9      | Reached skill level 17 in Maces & Flails
 11160 | D:10     | Entered Level 10 of the Dungeon
 11260 | D:10     | Killed an unseen horror
 11568 | D:10     | Noticed Malog's ghost (experienced DrEE)
 11580 | D:10     | Paralysed by Malog's ghost for 5 turns
 11587 | D:10     | Killed Malog's ghost
 11997 | D:10     | Reached skill level 18 in Maces & Flails
 12766 | D:10     | Found a staircase to the Lair.
 12828 | D:10     | Reached skill level 5 in Armour
 13162 | Lair:1   | Entered Level 1 of the Lair of Beasts
 14143 | Lair:1   | Reached XP level 12. HP: 62/64 MP: 10/12
 14328 | Lair:2   | Noticed an eight-headed hydra
 14335 | Lair:2   | Killed an eight-headed hydra
 14335 | Lair:2   | Acquired Okawaru's second power
 14786 | Lair:2   | Reached skill level 10 in Armour
 15516 | Lair:2   | Received a gift from Okawaru
 15517 | Lair:2   | Got a pitted flail {god gift}
 15518 | Lair:2   | Identified the +1,+3 flail of Defence {flame, rC+} (Okawaru gifted it to you on level 2 of the Lair of Beasts)
 15928 | Lair:3   | Got a pair of ichor-stained gloves
 15931 | Lair:3   | Identified the cursed +1 pair of gloves "Cheanej" {rF+ Int+3} (You found it on level 3 of the Lair of Beasts)
 16485 | Lair:3   | Reached XP level 13. HP: 59/68 MP: 13/13
 16701 | Lair:4   | Found a staircase to the Shoals.
 16717 | Lair:4   | Received a gift from Okawaru
 17152 | Lair:4   | Reached skill level 1 in Invocations
 17537 | Lair:5   | Reached skill level 5 in Fighting
 17701 | Lair:5   | Found a frozen archway.
 17875 | Lair:5   | Found a staircase to the Snake Pit.
 18459 | Lair:5   | Received a gift from Okawaru
 18462 | Lair:5   | Got a pair of heavily runed boots {god gift}
 18465 | Lair:5   | Identified the -5 pair of boots of Okawaru's Supremacy {Acc+2 Stlth++} (Okawaru gifted it to you on level 5 of the Lair of Beasts)
 18510 | Lair:5   | Noticed Fannar
 18833 | Lair:5   | Killed Fannar
 19303 | Lair:5   | Reached skill level 5 in Invocations
 20467 | Lair:6   | Gained mutation: Your wings are large and strong. [gargoyle growth]
 20467 | Lair:6   | Reached XP level 14. HP: 71/84 MP: 25/25
 21369 | Lair:7   | Found a staircase to the Slime Pits.
 21514 | Lair:6   | Reached skill level 10 in Fighting
 21533 | Lair:6   | Received a gift from Okawaru
 21540 | Lair:6   | Identified a +2 cloak of preservation (Okawaru gifted it to you on level 6 of the Lair of Beasts)
 21740 | Lair:7   | Noticed mk83's ghost (powerful SpCj)
 21758 | Lair:7   | Killed mk83's ghost
 22386 | Lair:8   | Entered Level 8 of the Lair of Beasts
 22467 | Lair:8   | Found a glowing silver altar of Zin.
 24237 | Lair:8   | Received a gift from Okawaru
 24885 | D:11     | Noticed a hill giant
 24890 | D:11     | Killed a hill giant
 25118 | D:11     | Noticed Erica
 25129 | D:11     | Killed Erica
 25396 | D:11     | Reached XP level 15. HP: 75/100 MP: 25/25
 25520 | D:11     | Reached skill level 5 in Shields
 25572 | D:11     | Found a staircase to the Orcish Mines.
 25807 | Orc:1    | Entered Level 1 of the Orcish Mines
 27573 | Orc:3    | Found a staircase to the Elven Halls.
 27591 | Orc:3    | Found a roughly hewn altar of Beogh.
 28042 | Orc:4    | Entered Level 4 of the Orcish Mines
 29031 | Orc:4    | Found Clamag Acov's Food Shoppe.
 29451 | Orc:4    | Paralysed by an orc sorcerer for 2 turns
 29532 | Orc:4    | Found Nejash's Book Shop.
 29537 | Orc:4    | Found Yzej's Gadget Shop.
 29539 | Orc:4    | Found Kyromniyvi's Magic Scroll Shoppe.
 29548 | Orc:4    | Bought a scroll of summoning for 133 gold pieces
 29548 | Orc:4    | Bought a scroll of identify for 28 gold pieces
 29548 | Orc:4    | Bought a scroll of enchant weapon I for 49 gold pieces
 29548 | Orc:4    | Bought a scroll of identify for 28 gold pieces
 29548 | Orc:4    | Bought a scroll of identify for 28 gold pieces
 29548 | Orc:4    | Bought a scroll of identify for 28 gold pieces
 29548 | Orc:4    | Bought a scroll of teleportation for 42 gold pieces
 29548 | Orc:4    | Bought a scroll of teleportation for 42 gold pieces
 29548 | Orc:4    | Bought a scroll of identify for 28 gold pieces
 29769 | D:8      | Bought the +7 plate armour of the Rabble {rC+ Acc+2} for 1143 gold pieces
 29769 | D:8      | Bought the +3 pair of boots of the spider {+Jump, Stlth+} for 472 gold pieces
 29882 | D:12     | Noticed Grum
 29909 | D:12     | Killed Grum
 30287 | D:13     | Reached skill level 10 in Shields
 30462 | D:13     | Received a gift from Okawaru
 30891 | D:13     | Found a gate to the Vaults.
 31092 | D:13     | Identified a scroll of acquirement
 31093 | D:13     | Got a polished eveningstar
 31094 | D:13     | Identified the +4,+6 eveningstar of Eternal Night {drain, rElec Int+3} (You acquired it on level 13 of the Dungeon)
 31355 | D:14     | Found a radiant altar of Vehumet.
 31525 | D:14     | Noticed Nergalle
 31544 | D:14     | Killed Nergalle
 31544 | D:14     | Received a gift from Okawaru
 32073 | D:14     | Reached XP level 16. HP: 105/105 MP: 26/26
 32356 | D:15     | Entered Level 15 of the Dungeon
 32394 | D:15     | Got an iridescent demon whip
 32395 | D:15     | Identified the +9,+5 demon whip of Exchange {freeze, +Rage SInv} (You acquired it on level 15 of the Dungeon)
 32675 | D:15     | Got a faintly glowing tin amulet
 33017 | D:15     | Found a staircase to the Depths.
 33024 | D:15     | Received a gift from Okawaru
 33359 | D:15     | Paralysed by a great orb of eyes for 5 turns
 33848 | Snake:1  | Entered Level 1 of the Snake Pit
 34606 | Snake:1  | Reached skill level 15 in Shields
 35563 | Snake:2  | Found a bloodstained altar of Trog.
 35660 | Snake:2  | Noticed Asterion
 35686 | Snake:2  | Noticed a spectral weapon
 35696 | Snake:2  | Killed Asterion
 35712 | Snake:2  | Identified the amulet of Tulips {Hunger+ +Rage Dam+4} (You found it on level 15 of the Dungeon)
 35753 | Snake:2  | Received a gift from Okawaru
 36588 | Snake:3  | Reached XP level 17. HP: 112/112 MP: 27/27
 36819 | Snake:3  | Reached skill level 15 in Fighting
 37654 | Snake:4  | Received a gift from Okawaru
 38709 | Snake:5  | Entered Level 5 of the Snake Pit
 39122 | Snake:5  | Noticed Maka's ghost (mighty DDFi)
 39158 | Snake:5  | Killed Maka's ghost
 40078 | Snake:5  | Reached XP level 18. HP: 116/126 MP: 28/28
 40279 | Snake:5  | Received a gift from Okawaru
 40895 | Snake:5  | Reached skill level 19 in Fighting
 42001 | Snake:5  | Reached skill level 20 in Fighting
 42034 | Snake:5  | Received a gift from Okawaru
 42467 | Snake:5  | Got a serpentine rune of Zot
 42932 | Shoals:1 | Entered Level 1 of the Shoals
 43087 | Shoals:1 | Got an ichor-stained large shield
 43131 | Shoals:1 | Identified the +1 large shield of Repulsion {rC+ Int+2 Acc+3} (You acquired it on level 1 of the Shoals)
 43300 | Shoals:1 | Identified the Handbook of Dark Battle Magic
 43364 | Shoals:1 | Noticed Josephine
 43420 | Shoals:1 | Reached XP level 19. HP: 116/136 MP: 28/28
 43444 | Shoals:1 | Killed Josephine
 44126 | Shoals:2 | Noticed zkyp's ghost (mighty TeWn)
 44163 | Shoals:2 | Killed zkyp's ghost
 44273 | Shoals:3 | Noticed Polyphemus
 44292 | Shoals:2 | Received a gift from Okawaru
 44393 | Shoals:2 | Noticed Aizul
 44412 | Shoals:2 | Killed Aizul
 44717 | Shoals:3 | Killed Polyphemus
 44813 | Shoals:5 | Entered Level 5 of the Shoals
 44813 | Shoals:5 | Found Cughuffo's Gadget Shoppe.
 44994 | Shoals:5 | Found Naemn's Jewellery Shop.
 45037 | Shoals:5 | Found Ghyas' General Store.
 45243 | Shoals:5 | Found Nuoqug's Armour Boutique.
 45282 | Shoals:5 | Found Uvvaaca's Gadget Boutique.
 45396 | Shoals:5 | Got a barnacled rune of Zot
 46100 | Vaults:1 | Entered Level 1 of the Vaults
 46332 | Vaults:1 | Noticed a Brimstone Fiend
 46344 | Vaults:1 | Noticed a Brimstone Fiend
 46663 | Vaults:1 | Received a gift from Okawaru
 47607 | Vaults:2 | Reached XP level 20. HP: 142/142 MP: 29/29
 48357 | Vaults:2 | Received a gift from Okawaru
 48988 | Vaults:2 | Noticed Nikola
 49008 | Vaults:2 | Killed Nikola
 49059 | Vaults:2 | Reached skill level 21 in Shields
 49369 | Vaults:2 | Found Sicvius' Weapon Shop.
 49747 | Vaults:3 | Received a gift from Okawaru
 50334 | Vaults:3 | Found Haez's Jewellery Shop.
 50524 | Vaults:3 | Reached skill level 22 in Shields
 50674 | Vaults:3 | Found a staircase to the Crypt.
 50674 | Vaults:3 | Found a basalt altar of Yredelemnul.
 50675 | Vaults:3 | Found an ancient bone altar of Kikubaaqudgha.
 50996 | Vaults:3 | Reached XP level 21. HP: 134/148 MP: 29/29
 51765 | Vaults:4 | Noticed Mara
 51783 | Vaults:4 | Noticed MDvedh's illusion
 51793 | Vaults:4 | Killed Mara
 51818 | Vaults:4 | Killed Mara
 51835 | Vaults:4 | Killed Mara
 52132 | Vaults:4 | Reached skill level 23 in Shields
 52257 | Vaults:4 | Found a staircase to the Hall of Blades.
 52374 | Vaults:4 | Received a gift from Okawaru
 52461 | Vaults:4 | Got a pair of dazzling gloves {god gift}
 52468 | Vaults:4 | Identified the +3 pair of gloves of Fortification {rC+ rN+} (Okawaru gifted it to you on level 4 of the Vaults)
 53460 | Vaults:5 | Entered Level 5 of the Vaults
 53563 | Vaults:4 | Reached skill level 24 in Shields
 54097 | Vaults:5 | Received a gift from Okawaru
 54266 | Vaults:5 | Noticed a golden dragon
 54293 | Vaults:5 | Killed a golden dragon
 54293 | Vaults:5 | Reached XP level 22. HP: 113/153 MP: 23/30
 54543 | Vaults:5 | Reached skill level 25 in Shields
 54643 | Vaults:5 | Got a shimmering bone ring
 55299 | Vaults:5 | Identified the ring "Veitaj" {Hunger Dex+3 Int+2} (You took it off an ironbrand convoker on level 5 of the Vaults)
 55315 | Vaults:5 | Got a flickering ivory amulet
 55762 | Vaults:5 | Reached skill level 26 in Shields
 55795 | Vaults:5 | Got a silver rune of Zot
 55957 | Vaults:5 | Received a gift from Okawaru
 56369 | Elf:1    | Entered Level 1 of the Elven Halls
 56546 | Elf:1    | Found a flickering gateway to a bazaar.
 56602 | Bazaar   | Entered a bazaar
 56620 | Bazaar   | Found Orchomm's Weapon Emporium.
 56648 | Bazaar   | Found Osuassod's Magic Scroll Shoppe.
 56648 | Bazaar   | Found Smur's Antique Weapon Emporium.
 56652 | Bazaar   | Bought a scroll of enchant weapon II for 55 gold pieces
 56652 | Bazaar   | Bought a scroll of identify for 20 gold pieces
 56652 | Bazaar   | Bought a scroll of recharging for 95 gold pieces
 56652 | Bazaar   | Bought a scroll of identify for 20 gold pieces
 56652 | Bazaar   | Bought a scroll of brand weapon for 200 gold pieces
 56652 | Bazaar   | Bought a scroll of remove curse for 30 gold pieces
 56652 | Bazaar   | Bought a scroll of identify for 20 gold pieces
 56707 | Elf:1    | Identified the amulet of Brur Thi {Spirit Str-4 Dex+1} (You found it on level 5 of the Vaults)
 56718 | Elf:1    | Gained mutation: You have a slow metabolism. [potion of mutation]
 56718 | Elf:1    | Gained mutation: You occasionally shout uncontrollably. [potion of mutation]
 56718 | Elf:1    | Gained mutation: You have a pair of small antennae on your head. [potion of mutation]
 56724 | Elf:1    | Gained mutation: Armour fits poorly on your strangely shaped body. [potion of mutation]
 56741 | Elf:1    | You fall through a shaft!
 58270 | Vaults:4 | Lost mutation: You have a slow metabolism. [potion of cure mutation]
 58558 | Orc:3    | Upgraded the game from 0.14.0-18-g0341e45 to 0.14.0-20-g75a2fc2
 58630 | Elf:3    | Entered Level 3 of the Elven Halls
 58747 | Elf:3    | Lost mutation: You occasionally shout uncontrollably. [potion of cure mutation]
 58747 | Elf:3    | Lost mutation: You have a pair of small antennae on your head. [potion of cure mutation]
 58747 | Elf:3    | Lost mutation: Armour fits poorly on your strangely shaped body. [potion of cure mutation]
 58923 | Elf:3    | Reached XP level 23. HP: 162/162 MP: 31/31
 59727 | Elf:3    | Received a gift from Okawaru
 60228 | Elf:3    | Got a smoking plate armour
 60265 | Elf:3    | Identified the +7 plate armour "Jeozen" {rC+} (You took it off a deep elf high priest on level 3 of the Elven Halls)
 60321 | Elf:3    | Identified Katuq's Collected Works on Shifting Dark Magic (You found it on level 3 of the Elven Halls)
 60517 | Elf:3    | Got a heavily runed jade ring
 60831 | Lair:1   | Identified the ring of Xofyx {SustAb MR+ Acc-3} (You found it on level 3 of the Elven Halls)
 60958 | Depths:1 | Entered Level 1 of the Depths
 60986 | Depths:1 | Noticed Sojobo
 61036 | Depths:1 | Killed Sojobo
 61119 | Depths:1 | Received a gift from Okawaru
 61307 | Depths:1 | Found a one-way gate to the infinite horrors of the Abyss.
 61342 | Depths:1 | Found a gateway to a ziggurat.
 61559 | Depths:1 | Found a gateway to Hell.
 62140 | Zig:1    | Entered Level 1 of a ziggurat
 62230 | Zig:2    | Entered Level 2 of a ziggurat
 62266 | Zig:2    | Got a crude amber ring
 62267 | Zig:2    | Identified the ring "Inwoje" {Ice Dex-3 Int+1} (You found it on level 2 of a ziggurat)
 62271 | Zig:3    | Entered Level 3 of a ziggurat
 63165 | Depths:2 | Paralysed by a giant eyeball for 4 turns
 63383 | Depths:2 | Received a gift from Okawaru
 63436 | Depths:2 | Reached XP level 24. HP: 157/175 MP: 31/31
 64054 | Depths:2 | Paralysed by a giant eyeball for 3 turns
 64305 | Depths:2 | Received a gift from Okawaru
 64460 | Depths:2 | Found Toudd's Armour Boutique.
 65380 | Depths:3 | Paralysed by a giant eyeball for 4 turns
 65598 | Depths:3 | Paralysed by a giant eyeball for 2 turns
 65608 | Depths:3 | Paralysed by a giant eyeball for 3 turns
 65923 | Depths:3 | Received a gift from Okawaru
 65933 | Depths:3 | Identified the Collected Works on Creative Confrontation
 66277 | Depths:3 | Reached skill level 15 in Armour
 66471 | Depths:3 | Found a one-way gate leading to the halls of Pandemonium.
 67180 | Depths:4 | Reached XP level 25. HP: 184/184 MP: 32/32
 67367 | Depths:4 | Noticed Jorgrun
 67382 | Depths:4 | Killed Jorgrun
 68201 | Depths:4 | Received a gift from Okawaru
 68202 | Depths:4 | Got a slimy short sword {god gift}
 68375 | Depths:4 | Noticed an ancient lich
 68393 | Depths:4 | Killed an ancient lich
 68403 | Depths:4 | Noticed an ancient lich
 68422 | Depths:4 | Killed an ancient lich
 69598 | Slime:1  | Entered Level 1 of the Pits of Slime
 69803 | Slime:1  | Gained mutation: You tend to lose your temper in combat. [a shining eye]
 69804 | Slime:1  | Paralysed by a giant eyeball for 2 turns
 69805 | Slime:1  | Gained mutation: You are weak. (Str -2) [a shining eye]
 69816 | Slime:1  | Paralysed by a giant eyeball for 2 turns
 69937 | Slime:4  | Paralysed by a giant eyeball for 2 turns
 70043 | Slime:6  | Entered Level 6 of the Pits of Slime
 70286 | Slime:6  | Found a viscous altar of Jiyva.
 70286 | Slime:6  | Paralysed by a giant eyeball for 4 turns
 70292 | Slime:6  | Noticed the royal jelly
 70345 | Slime:6  | Killed the royal jelly
 70345 | Slime:6  | Received a gift from Okawaru
 70486 | Slime:6  | Got a glittering brass amulet
 70488 | Slime:6  | Got a slimy rune of Zot
 70642 | Slime:6  | Got an ancient turquoise ring
 70650 | Slime:6  | Lost mutation: You tend to lose your temper in combat. [potion of cure mutation]
 70650 | Slime:6  | Lost mutation: You are weak. (Str -2) [potion of cure mutation]
 70665 | Slime:6  | Got a pair of crude gloves
 70680 | Slime:6  | Identified the +2 pair of gloves "Vaxkotso" {+Inv rC++ MR++} (You found it on level 6 of the Pits of Slime)
 70688 | Slime:6  | Identified the amulet "Myptec" {Spirit rF+ Dam+4} (You found it on level 6 of the Pits of Slime)
 70703 | Slime:6  | Identified the ring "Etu Byaj" {rN+ Str+2 Int+2} (You found it on level 6 of the Pits of Slime)
 71204 | Depths:5 | Entered Level 5 of the Depths
 71570 | Depths:5 | Noticed Mennas
 71591 | Depths:5 | Killed Mennas
 71937 | Depths:5 | Reached XP level 26. HP: 81/190 MP: 32/32
 72224 | Depths:5 | Found a gate to the Realm of Zot.
 72512 | Zot:1    | Entered Level 1 of the Realm of Zot
 72571 | Zot:1    | Received a gift from Okawaru
 73664 | Zot:1    | Noticed an orb of fire
 73666 | Zot:1    | Gained mutation: You have sharp fingernails. [an orb of fire]
 73676 | Zot:1    | Gained mutation: You are dopey. (Int -2) [an orb of fire]
 73777 | Zot:1    | Gained mutation: Your magical capacity is low (-10% MP). [an orb of fire]
 73778 | Zot:1    | Gained mutation: Your magical capacity is very low (-20% MP). [an orb of fire]
 75097 | Temple   | Fell from the grace of Okawaru
 75097 | Temple   | Became a worshipper of the Shining One
 75397 | Crypt:1  | Entered Level 1 of the Crypt
 75847 | Crypt:1  | Acquired the Shining One's first power
 76085 | Crypt:1  | Found a basalt altar of Yredelemnul.
 76171 | Crypt:1  | Identified the Collected Works on Dark Magic
 76247 | Crypt:1  | Acquired the Shining One's second power
 76604 | Crypt:2  | Noticed Wiglaf
 76638 | Crypt:2  | Killed Wiglaf
 77057 | Crypt:2  | Found a staircase to the Tomb.
 77179 | Crypt:2  | Cast into the Abyss (deep elf mage)
 77627 | Abyss:1  | Noticed an ancient lich
 77749 | Abyss:1  | Acquired the Shining One's third power
 77911 | Abyss:2  | Found a corrupted altar of Lugonu.
 78347 | Abyss:2  | Paralysed by accursed screaming for 1 turns
 78539 | Abyss:3  | Gained mutation: You tend to lose your temper in combat. [a neqoxec]
 78542 | Abyss:3  | Gained mutation: Space occasionally distorts in your vicinity. [a neqoxec]
 78622 | Abyss:4  | Paralysed by accursed screaming for 1 turns
 78852 | Abyss:4  | Acquired the Shining One's fourth power
 78976 | Abyss:5  | Entered Level 5 of the Abyss
 79115 | Abyss:5  | Reached XP level 27. HP: 188/196 MP: 26/26
 79196 | Abyss:5  | Paralysed by accursed screaming for 1 turns
 79205 | Abyss:5  | Paralysed by accursed screaming for 2 turns
 79717 | Abyss:5  | Gained mutation: You digest meat inefficiently. [a neqoxec]
 79861 | Abyss:5  | Paralysed by accursed screaming for 1 turns
 80249 | Abyss:5  | Paralysed by accursed screaming for 1 turns
 80261 | Abyss:5  | Paralysed by accursed screaming for 2 turns
 80263 | Abyss:5  | HP: 9/196 [balrug/divine providence (11)]
 80433 | Abyss:5  | Found a corrupted altar of Lugonu.
 80540 | Abyss:5  | Gained mutation: You are frail (-10% HP). [a cacodemon]
 80717 | Abyss:5  | Found a corrupted altar of Lugonu.
 80752 | Abyss:5  | Found a corrupted altar of Lugonu.
 80753 | Abyss:5  | Paralysed by accursed screaming for 2 turns
 80758 | Abyss:5  | Found a corrupted altar of Lugonu.
 80931 | Abyss:5  | Reached skill level 10 in Invocations
 80932 | Abyss:5  | Gained mutation: You are a herbivore. [mutagenic cloud]
 80933 | Abyss:5  | Gained mutation: Your metabolism is lightning-fast. [mutagenic cloud]
 80935 | Abyss:5  | Gained mutation: You sometimes yell uncontrollably. [mutagenic cloud]
 81058 | Crypt:2  | Escaped the Abyss
 81435 | Crypt:2  | Noticed Agnes
 81448 | Crypt:2  | Killed Agnes
 81750 | Crypt:2  | Was forgiven by Okawaru
 82255 | Crypt:3  | Noticed Saint Roka
 82283 | Crypt:3  | Killed Saint Roka
 82617 | Crypt:3  | Found a magical portal.
 82641 | WizLab   | Entered a wizard's laboratory
 82860 | WizLab   | Identified Iskenderun's Almanac of Gliding Battle Magic
 82860 | WizLab   | Identified Iskenderun's Almanac of Feathery Attacks
 82965 | WizLab   | Identified the Handbook of Superiority
 82965 | WizLab   | Identified the Papyrus of Mutagenic Calling
 83862 | Crypt:4  | Noticed Khufu
 84162 | Crypt:4  | Reached skill level 15 in Invocations
 85217 | Crypt:5  | Entered Level 5 of the Crypt
 85537 | Crypt:5  | Found a basalt altar of Yredelemnul.
 85537 | Crypt:5  | Noticed an ancient lich
 85553 | Crypt:5  | Killed an ancient lich
 85881 | Crypt:5  | Identified Kikubaaqudgha's Almanac of Necromancy
 86315 | Crypt:5  | Got a flickering glass ring
 86315 | Crypt:5  | Got the amulet "Prubliom" {Ward Acc+5 Stlth++}
 86315 | Crypt:5  | Got a vibrating tin ring
 86428 | Crypt:5  | Identified the ring "Jeluciph" {rN+ Dex+2 Acc+3} (You found it on level 5 of the Crypt)
 86429 | Crypt:5  | Identified the ring of the Swan {rElec rN+ Dam+4} (You found it on level 5 of the Crypt)
 87119 | Temple   | Identified a +4,+2 Blessed Scourge (a +2,+1 vampiric demon whip blessed by the Shining One)
 87467 | Hell     | Entered the Vestibule of Hell
 87467 | Hell     | Noticed Geryon
 87494 | Hell     | Killed Geryon
 87622 | Hell     | Found a gateway to the freezing wastes of Cocytus.
 87724 | Hell     | Found a gateway to the decaying netherworld of Tartarus.
 87779 | Hell     | Found a gateway to the ashen valley of Gehenna.
 88042 | Hell     | Found a gateway to the Iron City of Dis.
 88061 | Dis:1    | Entered Level 1 of the Iron City of Dis
 88940 | Dis:7    | Entered Level 7 of the Iron City of Dis
 88963 | Dis:7    | Gained mutation: You are very frail (-20% HP). [mutagenic glow]
 89693 | Dis:7    | Noticed Dispater
 89729 | Dis:7    | Killed Dispater
 89743 | Dis:7    | Got an iron rune of Zot
 90129 | Pan      | Entered Pandemonium
 90171 | Pan      | Found an exit through the horrors of the Abyss.
 90316 | Pan      | Noticed Thootzeff the pandemonium lord
 90329 | Pan      | Killed Thootzeff the pandemonium lord
 90356 | Pan      | Got a demonic rune of Zot
 90435 | Pan      | Gained mutation: You sometimes yell uncontrollably. [a neqoxec]
 90438 | Pan      | Noticed Gaeces the pandemonium lord
 90446 | Pan      | Gained mutation: Your magical capacity is extremely low (-30% MP). [a neqoxec]
 90463 | Pan      | Killed Gaeces the pandemonium lord
 90530 | Pan      | Found an exit through the horrors of the Abyss.
 90642 | Pan      | Gained mutation: You are very dopey. (Int -4) [a neqoxec]
 90903 | Pan      | Noticed Caiphiss the pandemonium lord
 90914 | Pan      | Killed Caiphiss the pandemonium lord
 91057 | Pan      | Found an exit through the horrors of the Abyss.
 91133 | Pan      | Noticed Qirullis the pandemonium lord
 91146 | Pan      | Killed Qirullis the pandemonium lord
 91595 | Pan      | Found an exit through the horrors of the Abyss.
 91758 | Pan      | Gained mutation: You often lose your temper in combat. [a cacodemon]
 91758 | Pan      | Gained mutation: Armour fits poorly on your strangely shaped body. [a cacodemon]
 91878 | Pan      | Gained mutation: Your body is slowly deteriorating. [a cacodemon]
 91980 | Pan      | Found an exit through the horrors of the Abyss.
 92073 | Pan      | Gained mutation: Your body is deteriorating. [a cacodemon]
 92372 | Pan      | Reached skill level 27 in Invocations
 92389 | Pan      | Found an exit through the horrors of the Abyss.
 93106 | Pan      | Found an exit through the horrors of the Abyss.
 93131 | Pan      | Noticed Irchuma the pandemonium lord
 93144 | Pan      | Killed Irchuma the pandemonium lord
 93227 | Pan      | Found an exit through the horrors of the Abyss.
 93753 | Pan      | Entered the realm of Cerebov.
 93753 | Pan      | Found an exit through the horrors of the Abyss.
 94172 | Pan      | Noticed Cerebov
 94210 | Pan      | Killed Cerebov
 94567 | Pan      | Got a fiery rune of Zot
 94789 | Pan      | Gained mutation: Your vision is a little blurry. [a cacodemon]
 94791 | Pan      | Gained mutation: You frequently scream uncontrollably. [a cacodemon]
 94809 | Pan      | Found an exit through the horrors of the Abyss.
 94821 | Pan      | Lost mutation: You often lose your temper in combat. [potion of cure mutation]
 94821 | Pan      | Lost mutation: Your body is deteriorating. [potion of cure mutation]
 94821 | Pan      | Lost mutation: You have a fast metabolism. [potion of cure mutation]
 94849 | Pan      | Noticed Asapiy Qorgh the pandemonium lord
 94859 | Pan      | Killed Asapiy Qorgh the pandemonium lord
 94936 | Pan      | Entered the realm of Gloorx Vloq.
 94946 | Pan      | Noticed Gloorx Vloq
 94962 | Pan      | Killed Gloorx Vloq
 95009 | Pan      | Got a dark rune of Zot
 95176 | Pan      | Entered the realm of Mnoleg.
 95198 | Pan      | Gained mutation: You are extremely frail (-30% HP). [a cacodemon]
 95205 | Pan      | Gained mutation: Your body is deteriorating. [a cacodemon]
 95271 | Pan      | Gained mutation: You have a fast metabolism. [a neqoxec]
 95288 | Pan      | Gained mutation: You often lose your temper in combat. [a shining eye]
 95324 | Pan      | Gained mutation: You have a very fast metabolism. [a cacodemon]
 95350 | Pan      | Noticed Mnoleg
 95363 | Pan      | Paralysed by a giant eyeball for 2 turns
 95365 | Pan      | Killed Mnoleg
 95365 | Pan      | Reached skill level 27 in Fighting
 95375 | Pan      | Gained mutation: You are a herbivore. [a shining eye]
 95434 | Pan      | Got a glowing rune of Zot
 95546 | Pan      | Found an exit through the horrors of the Abyss.
 95801 | Pan      | Noticed Axacoph the pandemonium lord
 95815 | Pan      | Killed Axacoph the pandemonium lord
 95872 | Pan      | Entered the realm of Lom Lobon.
 96602 | Pan      | Noticed Lom Lobon
 96625 | Pan      | Killed Lom Lobon
 96638 | Pan      | Reached skill level 27 in Shields
 96659 | Pan      | Got a magical rune of Zot
 97017 | Pan      | Noticed Chiomeix the pandemonium lord
 97044 | Pan      | Killed Chiomeix the pandemonium lord
 97170 | Depths:3 | Escaped Pandemonium
 97425 | Tar:1    | Entered Level 1 of Tartarus
 98090 | Tar:3    | Reached skill level 27 in Armour
 98951 | Tar:7    | Entered Level 7 of Tartarus
 98963 | Tar:7    | Lost intelligence.
 99187 | Tar:7    | Noticed an ancient lich
 99198 | Tar:7    | Killed an ancient lich
 99293 | Tar:7    | Identified the Handbook of Unreason
 99755 | Orc:4    | Bought a bread ration for 61 gold pieces
 99755 | Orc:4    | Bought a choko for 8 gold pieces
 99755 | Orc:4    | Bought a lemon for 14 gold pieces
 99755 | Orc:4    | Bought a choko for 8 gold pieces
 99755 | Orc:4    | Bought a bread ration for 61 gold pieces
100049 | Geh:1    | Entered Level 1 of Gehenna
101159 | Tar:7    | Noticed Ereshkigal
101200 | Tar:7    | Killed Ereshkigal
101333 | Tar:7    | Got a bone rune of Zot
101808 | Geh:2    | Reached skill level 27 in Maces & Flails
101824 | Geh:2    | Reached skill level 1 in Dodging
102104 | Geh:6    | Reached skill level 5 in Dodging
102273 | Geh:7    | Entered Level 7 of Gehenna
102348 | Geh:7    | Lost intelligence.
102412 | Geh:7    | Killed from afar by a Brimstone Fiend

Action                   |  1- 3 |  4- 6 |  7- 9 | 10-12 | 13-15 | 16-18 | 19-21 | 22-24 | 25-27 || total
-------------------------+-------+-------+-------+-------+-------+-------+-------+-------+-------++-------
Melee: Flail             |   118 |   232 |   349 |       |       |       |       |       |       ||   699
       Mace              |       |       |   142 |       |       |       |       |       |       ||   142
       Dire flail        |       |       |    17 |       |       |       |       |       |       ||    17
       Unarmed           |       |       |     9 |       |       |       |       |       |       ||     9
       Morningstar       |       |       |   122 |   986 |  2154 |       |       |       |  2939 ||  6201
       Eveningstar       |       |       |       |       |   113 |    46 |       |       |       ||   159
       Demon whip        |       |       |       |       |       |  2068 |  2371 |  2695 |  1104 ||  8238
       Sacred scourge    |       |       |       |       |       |       |       |       |  4049 ||  4049
Invok: Heroism           |       |       |       |     7 |    14 |    11 |     8 |    10 |     4 ||    54
       Finesse           |       |       |       |       |     3 |     5 |     6 |     5 |     3 ||    22
       Cleansing Flame   |       |       |       |       |       |       |       |       |   129 ||   129
       Divine Shield     |       |       |       |       |       |       |       |       |    10 ||    10
       Summon Divine War |       |       |       |       |       |       |       |       |    10 ||    10
 Abil: Stop Flying       |       |       |       |       |     2 |       |     1 |       |       ||     3
       Fly               |       |       |       |       |     1 |     1 |       |       |       ||     2
       Evoke Jump Attack |       |       |       |       |     1 |       |     2 |     8 |       ||    11
Evoke: Wand              |       |     2 |       |     3 |     6 |     3 |     1 |     6 |    18 ||    39
  Use: Scroll            |       |    11 |     5 |     4 |    11 |    11 |     9 |    23 |    58 ||   132
       Potion            |       |       |     3 |     1 |     3 |     2 |     6 |     4 |    34 ||    53
 Stab: Confused          |       |       |     1 |       |       |       |       |     1 |       ||     2
       Petrified         |       |       |       |       |       |       |     2 |       |       ||     2
       Distracted        |       |       |       |       |       |       |     1 |       |    13 ||    14
       Paralysed         |       |       |       |       |       |       |       |     1 |     3 ||     4
       Held in net/web   |       |       |       |       |       |       |       |       |     1 ||     1
